[Event "Titled Tuesday Blitz December 06 Late 2022"]
[White "Yuan, Qingyu"]
[Black "Arnold, Ken"]
[WhiteFideId "8609772"]
[BlackFideId "2056836"]
[WhiteElo "2359"]
[BlackElo "2403"]
[Result "1-0"]
[Round "01"]
[TimeControl "180+1"]
[Date "2022.12.07"]
[WhiteClock "0:00:02"]
[BlackClock "0:00:02"]

1. e4 c6 2. d4 d5 3. e5 Bf5 4. h4 h5 5. Bd3 Bxd3 6. Qxd3 e6 7. Nf3 Qb6 8. O-O Nd7 9. Nbd2 Qb5 10. c4 dxc4 11. Nxc4 Nb6 12. Nd6+ Bxd6 13. Qxb5 cxb5 14. exd6 Rc8 15. Bf4 Nf6 16. Rac1 O-O 17. Rc5 Rxc5 18. dxc5 Nbd5 19. Bd2 Nd7 20. b4 a5 21. a3 axb4 22. axb4 Ra8 23. Rb1 Ra2 24. Kf1 f6 25. Ke1 e5 26. g3 Kf7 27. Ng1 Ke6 28. Ne2 Nb8 29. Nc1 Ra4 30. Nd3 Nc6 31. f3 Ra3 32. Nc1 Rxf3 33. Ne2 Ra3 34. Bc1 Ra4 35. Bd2 Ncxb4 36. Bxb4 Rxb4 37. Rd1 Rc4 38. Rxd5 Kd7 39. Kd2 Ra4 40. Nc3 Rg4 41. Nxb5 Rxg3 42. Rd3 Rg2+ 43. Kc3 Rg4 44. Kb3 Rxh4 45. Rg3 Rg4 46. Rh3 g6 47. Rh1 Rg3+ 48. Kc4 g5 49. Rf1 Rg4+ 50. Kd5 Rf4 51. Ra1 1-0


[Site "https://www.chess.com"]

[Event "Titled Tuesday Blitz December 06 Late 2022"]
[White "Zeman, Matyas"]
[Black "Nasuta, Grzegorz"]
[WhiteFideId "364398"]
[BlackFideId "1141686"]
[WhiteElo "2254"]
[BlackElo "2441"]
[Result "0-1"]
[Round "01"]
[TimeControl "180+1"]
[Date "2022.12.07"]
[WhiteClock "0:00:02"]
[BlackClock "0:00:05"]

1. Nf3 d5 2. g3 Nf6 3. Bg2 c5 4. O-O e6 5. c4 d4 6. b4 cxb4 7. a3 Nc6 8. d3 a5 9. axb4 Bxb4 10. Na3 O-O 11. Nb5 e5 12. Bg5 h6 13. Bxf6 Qxf6 14. Nc7 Ra7 15. Nd2 Qd8 16. Nb5 Ra6 17. f4 Re8 18. f5 Bxd2 19. Qxd2 Nb4 20. f6 Rxf6 21. Rxf6 Qxf6 22. Rxa5 Nc6 23. Ra1 Qe7 24. Rf1 Be6 25. e3 Qc5 26. Re1 Rc8 27. Bxc6 dxe3 28. Qxe3 Qxe3+ 29. Rxe3 bxc6 30. Nd6 Rd8 31. Nb7 Rd4 32. Nc5 Bf5 33. Rxe5 Bxd3 34. Re8+ Kh7 35. Rc8 Bxc4 36. Rxc6 Rd1+ 37. Kf2 Rd2+ 38. Kg1 Ra2 39. Rd6 Bb5 40. Ne4 f5 41. Nf2 Bc4 42. Rd4 Ba6 43. g4 fxg4 44. Nxg4 Bb7 45. Ne3 Ra1+ 46. Kf2 Ra2+ 47. Kg3 Ra3 48. Kf4 Ra6 49. Rd7 Rf6+ 50. Kg3 Bc6 51. Rc7 Ba8 52. h4 Rf3+ 53. Kg4 Rxe3 54. h5 Bd5 55. Rd7 Be6+ 0-1


[Site "https://www.chess.com"]

[Event "Titled Tuesday Blitz December 06 Late 2022"]
[White "monkins"]
[Black "Ezat, Mohamed"]
[BlackFideId "10600906"]
[WhiteElo "2220"]
[BlackElo "2388"]
[Result "1-0"]
[Round "01"]
[TimeControl "180+1"]
[Date "2022.12.07"]
[WhiteClock "0:00:17"]
[BlackClock "0:00:05"]

1. Nf3 Nf6 2. c4 g6 3. g3 Bg7 4. Nc3 O-O 5. Bg2 c5 6. d4 d6 7. O-O Nc6 8. dxc5 dxc5 9. Be3 Be6 10. Qa4 Qa5 11. Qb5 a6 12. Qxc5 Qxc5 13. Bxc5 Bxc4 14. Rac1 Rfe8 15. b3 Be6 16. Rfd1 Rad8 17. Nd4 Nxd4 18. Bxd4 Bc8 19. Na4 e5 20. Bb6 Rxd1+ 21. Rxd1 e4 22. Nc5 h6 23. e3 Bg4 24. Rd2 Kh7 25. h3 Bf3 26. a4 Rc8 27. a5 Rb8 28. g4 g5 29. Nd7 Nxd7 30. Rxd7 Kg6 31. Rd6+ Kh7 32. Rd7 Rc8 33. Bxf3 exf3 34. Rxf7 Rc1+ 35. Kh2 Kg6 36. Rxf3 Be5+ 37. Kg2 Rb1 38. e4 Rb2 39. Rd3 Re2 40. Kf3 Rb2 41. Bc5 Rc2 42. b4 Rc1 43. Rd5 Rc3+ 44. Kg2 Bf4 45. Rd7 Rc4 46. Rxb7 h5 47. Rb6+ Kf7 48. gxh5 Rxe4 49. h6 Be5 50. Rxa6 Rh4 51. Ra7+ Kg6 52. h7 Bf6 53. a6 Kf5 54. Rf7 g4 55. Rxf6+ Kxf6 56. h8=Q+ Rxh8 57. Bd4+ Kg5 58. Bxh8 Kh4 59. hxg4 Kxg4 60. a7 Kh5 61. a8=Q Kg6 62. Qd5 Kh7 63. Bd4 Kg6 64. b5 Kh6 65. b6 Kg6 66. b7 Kh6 67. b8=Q Kg6 68. Qb6+ Kh7 69. Qd7+ Kg8 70. Qbd8# 1-0


[Site "https://www.chess.com"]

[Event "Titled Tuesday Blitz December 06 Late 2022"]
[White "Abasov, Nijat"]
[Black "Xu, Grant"]
[WhiteFideId "13402960"]
[BlackFideId "2052318"]
[WhiteElo "2546"]
[BlackElo "2186"]
[Result "1-0"]
[Round "02"]
[TimeControl "180+1"]
[Date "2022.12.06"]
[WhiteClock "0:00:23"]
[BlackClock "0:00:07"]

1. d4 g6 2. Nf3 Bg7 3. e4 c6 4. c4 d6 5. Nc3 Bg4 6. Be3 Nd7 7. h3 Bxf3 8. Qxf3 Ngf6 9. Bd3 e5 10. d5 O-O 11. O-O a6 12. dxc6 bxc6 13. b4 Rb8 14. Rab1 Re8 15. Rfd1 Qc7 16. a4 Nf8 17. c5 dxc5 18. Bxc5 Ne6 19. Bxa6 Nxc5 20. bxc5 Qa7 21. Qd3 Qxc5 22. Qc4 Bf8 23. Kf1 Qxc4+ 24. Bxc4 Bb4 25. Na2 Ba5 26. f3 Kf8 27. g4 Ke7 28. Ke2 Nd7 29. Bd3 f6 30. Rxb8 Rxb8 31. Rb1 Rxb1 32. Bxb1 Kd6 33. Nc1 Nc5 34. Bc2 Ne6 35. Nb3 Nf4+ 36. Kf1 Bb6 37. a5 Ba7 38. h4 c5 39. Nd2 Ne6 40. Nc4+ Kc7 41. Ba4 Nd4 42. Kf2 h6 43. Ne3 Kd6 44. Nc4+ Kc7 45. Ke3 g5 46. h5 Nc6 47. Bxc6 Kxc6 48. Kd3 Kb5 49. Ne3 c4+ 50. Nxc4 Bc5 51. Kc3 Bb4+ 52. Kb3 Bc5 53. Nb2 Bd4 54. Nc4 Bc5 55. Nd2 Bd4 56. Nf1 Bc5 57. Ng3 Bf8 58. Nf5 Kxa5 59. Kc4 Ka4 60. Kd5 Kb3 61. Ke6 Kc4 62. Kxf6 Kd3 63. Kf7 Bc5 64. Nxh6 Ke3 65. Nf5+ Kxf3 66. h6 Kxg4 67. h7 Kf4 68. h8=Q Kxe4 69. Ke6 g4 70. Qxe5+ 1-0


[Site "https://www.chess.com"]

[Event "Titled Tuesday Blitz December 06 Late 2022"]
[White "Adewumi, Tanitoluwa"]
[Black "Guzman Moneo, Alberto"]
[WhiteFideId "30966396"]
[BlackFideId "2209616"]
[WhiteElo "2538"]
[BlackElo "2157"]
[Result "0-1"]
[Round "02"]
[TimeControl "180+1"]
[Date "2022.12.07"]
[WhiteClock "0:00:05"]
[BlackClock "0:00:38"]

1. e4 c5 2. Nf3 Nc6 3. Bb5 g6 4. Bxc6 dxc6 5. d3 Qc7 6. Be3 b6 7. Nbd2 Bg7 8. Rb1 Be6 9. a3 Ba2 10. Ra1 Be6 11. d4 cxd4 12. Bxd4 Nf6 13. O-O Rd8 14. Qe2 O-O 15. Be5 Qb7 16. Ng5 Bg4 17. f3 Bc8 18. Rad1 Qa6 19. c4 c5 20. f4 Bg4 21. Ngf3 Qa4 22. Rc1 Rd7 23. h3 Bxf3 24. Nxf3 Qc6 25. Rfe1 Rfd8 26. Bxf6 Bxf6 27. e5 Bg7 28. e6 Qxe6 29. Qxe6 fxe6 30. Rxe6 Bf6 31. Rce1 Rd1 32. Kf2 Rxe1 33. Rxe1 Rd3 34. Ne5 Rb3 35. Re2 Bxe5 36. fxe5 Kf7 37. Ke1 Ke6 38. Kd1 Rg3 39. Kd2 Rg5 40. Rf2 Rxe5 41. Rf8 Re4 42. b3 Rd4+ 43. Kc2 h5 44. Rg8 Kf7 45. Ra8 Rd7 46. b4 cxb4 47. axb4 Rc7 48. Kb3 e5 49. Rd8 Ke7 50. Rg8 Kf6 51. h4 Kf5 52. Rf8+ Kg4 53. Re8 Kxh4 54. Rxe5 g5 55. Re4+ g4 56. Re3 a5 57. bxa5 bxa5 58. Re5 a4+ 59. Kc3 a3 60. Ra5 Kg3 61. Rxh5 Ra7 62. Rh1 a2 63. Ra1 Kxg2 64. c5 g3 65. Kb4 Kh2 66. Kb5 g2 67. Kb6 Ra3 68. c6 g1=Q+ 69. Rxg1 Kxg1 70. c7 Rc3 71. c8=Q Rxc8 0-1


[Site "https://www.chess.com"]

[Event "Titled Tuesday Blitz December 06 Late 2022"]
[White "Aggelis, Nikolaos"]
[Black "Fernandez Siles, Luis"]
[WhiteFideId "4213220"]
[BlackFideId "2209420"]
[WhiteElo "2189"]
[BlackElo "2186"]
[Result "0-1"]
[Round "02"]
[TimeControl "180+1"]
[Date "2022.12.07"]
[WhiteClock "0:00:12"]
[BlackClock "0:00:13"]

1. Nf3 Nf6 2. c4 g6 3. Nc3 Bg7 4. d3 O-O 5. g3 d6 6. Bg2 Nc6 7. O-O Nh5 8. Rb1 f5 9. Nd5 e6 10. Nf4 Nf6 11. b4 Ne5 12. Bb2 Nf7 13. Qb3 g5 14. Bxf6 Bxf6 15. Nh5 Bh8 16. e3 e5 17. c5 g4 18. Nh4 Qg5 19. cxd6 cxd6 20. Nf4 exf4 21. exf4 Qd8 22. Bd5 Bd4 23. Ng2 Qf6 24. Ne3 Rb8 25. Rbc1 Bd7 26. Rc7 Bc6 27. Bxf7+ Rxf7 28. Rxf7 Qxf7 29. Qxf7+ Kxf7 30. Nxf5 Bc3 31. Nh6+ Kg6 32. Nxg4 Bxb4 33. Rc1 Re8 34. Ne3 Bc5 35. Nd1 Re2 36. Kf1 Rxa2 37. Ne3 Bxe3 38. fxe3 Rxh2 39. Rc4 a5 40. Rd4 a4 41. Rxd6+ Kf5 42. Rd8 Kg4 43. e4 Kf3 44. Ke1 a3 45. Ra8 a2 46. f5 Ke3 47. Kd1 Kxd3 48. Kc1 Kc3 49. Kd1 Rh1+ 50. Ke2 a1=Q 51. Rxa1 Rxa1 52. e5 Kd4 53. e6 Ke5 54. e7 Kxf5 0-1


[Site "https://www.chess.com"]

[Event "Titled Tuesday Blitz December 06 Late 2022"]
[White "Aldokhin, Ivan"]
[Black "Bas Mas, Jose Joaquin"]
[WhiteFideId "24115720"]
[BlackFideId "22219064"]
[WhiteElo "2313"]
[BlackElo "2233"]
[Result "1/2-1/2"]
[Round "02"]
[TimeControl "180+1"]
[Date "2022.12.07"]
[WhiteClock "0:00:07"]
[BlackClock "0:00:02"]

1. e4 c5 2. Nf3 d6 3. d4 cxd4 4. Nxd4 Nf6 5. Nc3 Nc6 6. Bc4 Na5 7. Be2 g6 8. O-O Bg7 9. f4 Nc6 10. Be3 O-O 11. Bf3 Nd7 12. Qd2 Rb8 13. Rad1 Nxd4 14. Bxd4 Bxd4+ 15. Qxd4 Qb6 16. Nd5 Qxd4+ 17. Rxd4 Re8 18. Re1 b5 19. e5 dxe5 20. fxe5 Nc5 21. Nb4 Bb7 22. Bxb7 Rxb7 23. Red1 a5 24. Nc6 a4 25. Rd5 Ne6 26. Rd7 Rxd7 27. Rxd7 Kf8 28. Rb7 Rc8 29. Nb4 Nd4 30. c3 Ne2+ 31. Kf2 Nf4 32. Rxb5 Kg7 33. Rb7 a3 34. bxa3 Rxc3 35. Rxe7 Rxa3 36. g3 Ne6 37. Rb7 Ra4 38. Ke2 Nd4+ 39. Kd3 Nf3 40. Ke4 Nxh2 41. Kd5 Ra5+ 42. Kd6 Kf8 43. Nd5 Ra6+ 44. Kd7 Re6 45. Rb8+ Kg7 46. Re8 Rxe8 47. Kxe8 Nf3 48. a4 Nxe5 49. a5 Nc6 50. a6 Na7 51. Kd7 f5 52. Kc7 g5 53. Kb7 Nb5 54. Nc7 Nd6+ 55. Kc6 Nc8 56. Ne6+ Kf6 57. Nc5 f4 58. gxf4 gxf4 59. Ne4+ Ke5 60. Nc5 f3 61. Kc7 Na7 62. Kb6 Nc8+ 63. Kc7 Na7 64. Kb7 Kd5 65. Nd3 Nb5 66. Nf4+ Ke4 67. Nh3 h5 68. Kb6 Nd6 69. Kc6 Nc8 70. Kb7 Nd6+ 71. Kc6 Ke5 72. Ng1 Nc8 73. Nxf3+ Kf4 74. Nh4 Kg4 75. Ng6 h4 76. Nxh4 Kxh4 77. Kc7 Na7 78. Kb6 Nc8+ 79. Kb7 Nd6+ 80. Kb8 Nb5 81. Kb7 Kg5 82. Kc6 Na7+ 83. Kc7 Kf5 84. Kb6 Nc8+ 85. Kb7 Nd6+ 86. Kc6 Nc8 87. Kd7 Na7 88. Kc7 Ke6 89. Kb7 Nb5 90. a7 Nxa7 1/2-1/2


[Site "https://www.chess.com"]

[Event "Titled Tuesday Blitz December 06 Late 2022"]
[White "Alex_Sahakyan2006"]
[Black "Bok, Benjamin"]
[BlackFideId "1017063"]
[WhiteElo "2609"]
[BlackElo "2658"]
[Result "1-0"]
[Round "02"]
[TimeControl "180+1"]
[Date "2022.12.06"]
[WhiteClock "0:00:08"]
[BlackClock "0:00:06"]

1. d4 Nf6 2. Nf3 d5 3. c4 e6 4. Nc3 c6 5. e3 Nbd7 6. Qc2 Bd6 7. b3 O-O 8. Bb2 e5 9. cxd5 cxd5 10. dxe5 Nxe5 11. Be2 Nxf3+ 12. Bxf3 d4 13. exd4 Re8+ 14. Ne2 Bg4 15. Bxg4 Nxg4 16. h3 Bb4+ 17. Bc3 Rc8 18. O-O Bxc3 19. Nxc3 Qxd4 20. hxg4 Rxc3 21. Rae1 Rxe1 22. Rxe1 g6 23. Qe2 Kg7 24. Rd1 Qc5 25. Qb2 b5 26. Rd5 Qxd5 27. Qxc3+ Kg8 28. f3 Qd1+ 29. Kf2 Qd6 30. Qe3 a6 31. g5 Kf8 32. g3 Qa3 33. Qd2 Qc5+ 34. Kg2 Ke7 35. a4 bxa4 36. bxa4 a5 37. Qe2+ Kd6 38. f4 Qc6+ 39. Kh2 Qxa4 40. Qe5+ Kd7 41. Qd5+ Ke7 42. Qe5+ Kf8 43. Qh8+ Ke7 44. Qe5+ Kd8 45. Qd5+ Kc7 46. Qxf7+ Kb6 47. Qxh7 Qc2+ 48. Kh3 a4 49. Qe7 Kb5 50. Qe5+ Kb4 51. f5 Qxf5+ 52. Qxf5 gxf5 53. g6 a3 54. g7 a2 55. g8=Q a1=Q 56. Qf8+ Kc4 57. Qxf5 Qh1+ 58. Kg4 Qd1+ 59. Qf3 Qd7+ 60. Qf5 Qg7+ 61. Qg5 Qd7+ 62. Kh4 Qh7+ 63. Qh5 Qe7+ 64. Kh3 Kc3 65. Qh8+ Kc2 66. Qh4 Qd7+ 67. Qg4 Qh7+ 68. Kg2 Qb7+ 69. Kf2 Qa7+ 70. Kf3 Qb7+ 71. Qe4+ 1-0


[Site "https://www.chess.com"]

[Event "Titled Tuesday Blitz December 06 Late 2022"]
[White "Andreikin, Dmitry"]
[Black "McCoy, Owen"]
[WhiteFideId "4158814"]
[BlackFideId "30924502"]
[WhiteElo "2735"]
[BlackElo "2661"]
[Result "1-0"]
[Round "02"]
[TimeControl "180+1"]
[Date "2022.12.06"]
[WhiteClock "0:00:37"]
[BlackClock "0:00:04"]

1. d4 Nf6 2. c4 e6 3. Nf3 Bb4+ 4. Nbd2 O-O 5. a3 Be7 6. e4 d6 7. Bd3 e5 8. O-O Nfd7 9. Re1 exd4 10. Nxd4 Bf6 11. N2f3 Re8 12. Rb1 a5 13. b3 Na6 14. Bc2 Nb6 15. Qd3 Nc5 16. Qf1 Be6 17. Be3 Bd7 18. Bf4 g5 19. Bg3 g4 20. e5 Bg7 21. Nh4 dxe5 22. Ndf5 Qg5 23. Nxg7 Qxg7 24. b4 axb4 25. axb4 Nca4 26. Rbd1 Rad8 27. c5 Nc8 28. Rxd7 Rxd7 29. Bxa4 c6 30. Bc2 Qg5 31. f4 1-0


[Site "https://www.chess.com"]

[Event "Titled Tuesday Blitz December 06 Late 2022"]
[White "Ansh M Shah"]
[Black "Christiansen, Johan-Sebastian"]
[WhiteFideId "25033379"]
[BlackFideId "1512668"]
[WhiteElo "2084"]
[BlackElo "2501"]
[Result "0-1"]
[Round "02"]
[TimeControl "180+1"]
[Date "2022.12.07"]
[WhiteClock "0:00:02"]
[BlackClock "0:00:30"]

1. d4 Nf6 2. c4 c5 3. d5 b5 4. cxb5 a6 5. e3 e6 6. Nc3 exd5 7. Nxd5 Be7 8. Nxe7 Qxe7 9. Nf3 O-O 10. Be2 axb5 11. Bxb5 d5 12. O-O Na6 13. a3 Bf5 14. b4 Nxb4 15. Bb2 Nc2 16. Rc1 Nxa3 17. Bxf6 Qxf6 18. Rxc5 Qb6 19. Qxd5 Be4 20. Qh5 g6 21. Qh6 Bxf3 22. Rg5 Ra5 23. gxf3 Rxb5 24. Kh1 Rxg5 25. Qxg5 Nc4 26. Rg1 Nd2 27. Rg3 Qb1+ 28. Rg1 Qb7 29. Rg3 Nxf3 30. Qh6 Nh4+ 31. Kg1 Nf5 0-1


[Site "https://www.chess.com"]

[Event "Titled Tuesday Blitz December 06 Late 2022"]
[White "Aqib Javaid Butt"]
[Black "Jimenez Almeida, Luis David"]
[WhiteFideId "7801262"]
[BlackFideId "22242244"]
[WhiteElo "1659"]
[BlackElo "2158"]
[Result "0-1"]
[Round "02"]
[TimeControl "180+1"]
[Date "2022.12.07"]
[WhiteClock "0:00:05"]
[BlackClock "0:00:16"]

1. d4 g6 2. Nf3 Bg7 3. c4 f5 4. Nc3 Nf6 5. g3 O-O 6. Bg2 d6 7. O-O Nc6 8. b3 e5 9. dxe5 dxe5 10. Bb2 e4 11. Ne1 Be6 12. Nc2 Qe7 13. Nd4 Nxd4 14. Qxd4 c5 15. Qd2 Rad8 16. Qc1 Ng4 17. h3 Ne5 18. Na4 b6 19. Qc2 Nc6 20. Bxg7 Qxg7 21. Rad1 Qe5 22. e3 Nb4 23. Qb1 Nd3 24. Qc2 Rd7 25. Rd2 Rfd8 26. Rfd1 h5 27. Bf1 Nb4 28. Rxd7 Nxc2 29. Rxd8+ Kg7 30. Ra8 h4 31. Rxa7+ Kh6 32. Kg2 hxg3 33. Rd2 Ne1+ 34. Kh1 Nf3 35. Rd8 Qa1 36. Kg2 Nh4+ 37. Kxg3 Kg5 38. Bg2 Qe5+ 39. f4+ exf3+ 40. Kf2 fxg2 41. Nxb6 Qb2+ 42. Kg1 Qc1+ 0-1


[Site "https://www.chess.com"]

[Event "Titled Tuesday Blitz December 06 Late 2022"]
[White "Ardila, Oscar Humberto"]
[Black "Bogaudinov, Rushan"]
[WhiteFideId "4404742"]
[BlackFideId "4129288"]
[WhiteElo "1961"]
[BlackElo "2028"]
[Result "0-1"]
[Round "02"]
[TimeControl "180+1"]
[Date "2022.12.07"]
[WhiteClock "0:00:09"]
[BlackClock "0:00:34"]

1. d4 Nf6 2. c4 e6 3. Nc3 Bb4 4. Bd2 O-O 5. Nf3 c5 6. dxc5 Bxc5 7. e3 d5 8. cxd5 exd5 9. Bd3 Nc6 10. O-O Bg4 11. h3 Bh5 12. Be2 Re8 13. Rc1 Rc8 14. Qb3 Bb6 15. Na4 Na5 16. Qb5 Ne4 17. Nxb6 axb6 18. Rxc8 Qxc8 19. Rc1 Qd8 20. Bxa5 bxa5 21. Qxb7 h6 22. Nd4 Bxe2 23. Nxe2 Qf6 24. Rf1 Qd6 25. Nf4 Rd8 26. Rd1 g5 27. Rxd5 Rb8 28. Rxd6 Rxb7 29. Rd8+ Kh7 30. Nd3 Rc7 31. f3 Nf6 32. Ne5 Kg7 33. b3 Rc1+ 34. Kh2 Rc2 35. a4 Re2 36. e4 Nh5 37. Rd7 Nf4 38. Rxf7+ Kg8 39. Rxf4 gxf4 40. Ng6 Re3 41. Nxf4 Rxb3 42. Nd5 Ra3 43. Nb6 Kf7 44. Kg3 Ke6 45. Kf4 Ra2 46. g4 Rh2 47. h4 Rxh4 48. Nc4 Rh1 49. Nxa5 Ra1 50. Nc4 Rxa4 51. Ne3 Kf6 52. Nf5 Kg6 53. Ne7+ Kf7 54. Nf5 Kg6 55. Nh4+ Kg7 56. g5 h5 57. Nf5+ Kf7 58. Ng3 Kg6 59. Nf5 Ra7 60. Nh4+ Kg7 61. g6 Kh6 62. e5 Ra4+ 63. Kf5 Rxh4 64. e6 Rh1 65. e7 Re1 66. Kf6 Rxe7 67. Kxe7 Kxg6 68. f4 Kf5 0-1


[Site "https://www.chess.com"]

[Event "Titled Tuesday Blitz December 06 Late 2022"]
[White "Arnold, Ken"]
[Black "Czopor, Maciej"]
[WhiteFideId "2056836"]
[BlackFideId "21805431"]
[WhiteElo "2401"]
[BlackElo "2324"]
[Result "1-0"]
[Round "02"]
[TimeControl "180+1"]
[Date "2022.12.07"]
[WhiteClock "0:00:51"]
[BlackClock "0:01:43"]

1. d4 Nf6 2. c4 g6 3. Nf3 Bg7 4. g3 O-O 5. Bg2 d6 6. O-O Nc6 7. d5 Na5 8. Nbd2 c5 9. e4 a6 10. Rb1 b5 11. b3 Rb8 12. Qc2 e6 13. Re1 exd5 14. cxd5 Re8 15. Bb2 Bg4 16. h3 Bxf3 17. Bxf3 Nd7 18. Bxg7 Kxg7 19. Bg2 Qf6 20. f4 Nb7 21. Nf3 c4 22. Re2 Nbc5 23. bxc4 b4 24. Rbe1 a5 25. e5 dxe5 26. Nxe5 Qb6 27. Kh2 Nf6 28. Nc6 Rbc8 29. Rxe8 Rxe8 30. Rxe8 Nxe8 31. Qb2+ Nf6 32. Ne5 Na4 33. Qc2 Qd4 34. Qxa4 g5 35. Nf3 Qf2 36. Nxg5 Nh5 37. Ne4 Qe2 38. Qd7 Qxa2 39. Qg4+ Kf8 40. Qxh5 Qxc4 41. Qh6+ Ke7 42. Qf6+ Kd7 43. Qxf7+ Kc8 44. Nd6+ 1-0


[Site "https://www.chess.com"]

[Event "Titled Tuesday Blitz December 06 Late 2022"]
[White "Averjanov, Alexey"]
[Black "Calcada, Lucas Galvan"]
[WhiteFideId "14109867"]
[BlackFideId "22746099"]
[WhiteElo "2671"]
[BlackElo "1523"]
[Result "1/2-1/2"]
[Round "02"]
[TimeControl "180+1"]
[Date "2022.12.07"]
[WhiteClock "0:01:16"]
[BlackClock "0:00:30"]

1. d4 Nf6 2. c4 g6 3. Nc3 Bg7 4. e4 d6 5. Be2 O-O 6. Nf3 c5 7. d5 e6 8. O-O exd5 9. exd5 Re8 10. h3 Bf5 11. Bd3 Bxd3 12. Qxd3 Nbd7 13. Bf4 Bf8 14. Rfe1 a6 15. Rxe8 Qxe8 16. Re1 Qd8 17. Ng5 Nh5 18. Bd2 Ne5 19. Qe2 Ng7 20. g4 b5 21. b3 bxc4 22. bxc4 Nd7 23. Nge4 Qc7 24. Rb1 Rb8 25. Rxb8 Qxb8 26. Bf4 Ne8 27. Qc2 Qb4 28. Qb3 Qxb3 29. axb3 Be7 1/2-1/2


[Site "https://www.chess.com"]

[Event "Titled Tuesday Blitz December 06 Late 2022"]
[White "Baches Garcia, Guillermo"]
[Black "Ferriz Barrios, Andres"]
[WhiteFideId "2209764"]
[BlackFideId "5104467"]
[WhiteElo "2476"]
[BlackElo "2204"]
[Result "0-1"]
[Round "02"]
[TimeControl "180+1"]
[Date "2022.12.07"]
[WhiteClock "0:00:00"]
[BlackClock "0:00:22"]

1. e4 e6 2. d4 d5 3. exd5 exd5 4. Nf3 Bd6 5. c4 c6 6. Nc3 Nf6 7. Bd3 dxc4 8. Bxc4 O-O 9. O-O Bg4 10. h3 Bh5 11. g4 Bg6 12. Ne5 Nbd7 13. f4 Be4 14. g5 Bd5 15. gxf6 Bxe5 16. Bxd5 Bxf6 17. Bg2 Re8 18. Qd3 Qb6 19. Rd1 Nf8 20. Ne4 Bh4 21. Nc5 Rad8 22. b3 Qc7 23. Qf3 b6 24. Ne4 c5 25. d5 f5 26. Ng5 h6 27. Ne6 Nxe6 28. dxe6 Kh8 29. Bb2 Rxe6 30. Rxd8+ Qxd8 31. Rd1 Qe8 32. Be5 Kh7 33. Rd5 Bf6 34. Qd3 Bxe5 35. fxe5 Rxe5 36. Rxe5 Qxe5 37. Kf2 Qf4+ 38. Ke2 Qe5+ 39. Kf2 Kg6 40. Qd7 Qf4+ 41. Kg1 Qd4+ 42. Qxd4 cxd4 43. Kf2 Kf6 44. Ke2 Ke5 45. Kd3 g5 46. Bf3 a5 47. a4 Kf4 48. Bg2 Ke5 49. Bf3 f4 0-1


[Site "https://www.chess.com"]

[Event "Titled Tuesday Blitz December 06 Late 2022"]
[White "Battlecruiser_Operational"]
[Black "Sattarov, Bobir"]
[BlackFideId "14203081"]
[WhiteElo "2289"]
[BlackElo "2358"]
[Result "0-1"]
[Round "02"]
[TimeControl "180+1"]
[Date "2022.12.07"]
[WhiteClock "0:00:01"]
[BlackClock "0:01:19"]

1. d4 Nf6 2. c4 c5 3. d5 g6 4. Nc3 Bg7 5. e4 d6 6. Nf3 O-O 7. Be2 e6 8. O-O exd5 9. cxd5 Bg4 10. Bf4 Nh5 11. Bg5 Qb6 12. Qd2 Nd7 13. h3 Bxf3 14. Bxf3 Nhf6 15. Rfe1 Rfe8 16. Rab1 Rac8 17. Qf4 h5 18. g4 hxg4 19. hxg4 Nh7 20. Bh6 Ne5 21. Be2 Qd8 22. Kg2 g5 23. Qf5 Ng6 24. Rh1 Bxh6 25. Rxh6 Nh4+ 26. Rxh4 gxh4 27. Bb5 Re5 28. Qf4 a6 29. Bd3 Nf8 30. Rh1 Ng6 31. Qe3 Qg5 32. Qxg5 Rxg5 33. f3 Nf4+ 34. Kf2 Nxd3+ 35. Ke3 Nxb2 36. Kf4 f6 37. Rb1 Nd3+ 38. Ke3 c4 0-1


[Site "https://www.chess.com"]

[Event "Titled Tuesday Blitz December 06 Late 2022"]
[White "Bernat, David"]
[Black "Aguilar, Juan"]
[WhiteFideId "2099225"]
[BlackFideId "3800091"]
[WhiteElo "2350"]
[BlackElo "2538"]
[Result "0-1"]
[Round "02"]
[TimeControl "180+1"]
[Date "2022.12.07"]
[WhiteClock "0:00:10"]
[BlackClock "0:00:25"]

1. c4 e5 2. Nc3 Nf6 3. g3 c6 4. Nf3 e4 5. Nd4 d5 6. cxd5 Qb6 7. Nb3 cxd5 8. Bg2 Nc6 9. d3 exd3 10. Qxd3 Be6 11. O-O Be7 12. Be3 Qd8 13. Rfd1 O-O 14. Qb5 Qc7 15. Bf4 Qb6 16. Qxb6 axb6 17. Nxd5 Nxd5 18. Bxd5 Bxd5 19. Rxd5 Bf6 20. Rd7 Bxb2 21. Rb1 Bf6 22. Rxb7 Rxa2 23. Rxb6 Nd4 24. Nc1 Nxe2+ 25. Nxe2 Rxe2 26. Rb8 h5 27. Rxf8+ Kxf8 28. Rb8+ Ke7 29. Rb7+ Ke6 30. Rb6+ Kf5 31. Rb5+ Ke4 32. Kf1 Ra2 33. Rxh5 Kf3 34. Ke1 Rxf2 35. h4 Bc3+ 36. Kd1 Ke4 37. Rc5 Kd3 38. Rd5+ Bd4 39. Ke1 Rg2 40. Be5 Rg1# 0-1


[Site "https://www.chess.com"]

[Event "Titled Tuesday Blitz December 06 Late 2022"]
[White "BlackChess17"]
[Black "Perske, Thore"]
[BlackFideId "12902195"]
[WhiteElo "2810"]
[BlackElo "2556"]
[Result "1-0"]
[Round "02"]
[TimeControl "180+1"]
[Date "2022.12.07"]
[WhiteClock "0:01:06"]
[BlackClock "0:00:01"]

1. d4 Nf6 2. Nf3 g6 3. Bg5 Bg7 4. Nbd2 O-O 5. c3 c5 6. dxc5 Qc7 7. e4 Qxc5 8. Bd3 Nc6 9. O-O d6 10. h3 Be6 11. Nb3 Qb6 12. Re1 Nd7 13. Nbd4 Nxd4 14. cxd4 Bxd4 15. Nxd4 Qxd4 16. Bxe7 Rfe8 17. Bg5 Qxb2 18. Rb1 Qxa2 19. Rxb7 Rab8 20. Rc7 Qa5 21. Qc1 Nc5 22. Bf6 Qxe1+ 23. Qxe1 Nxd3 24. Qe3 Rb1+ 25. Kh2 Ne1 26. Rc8 Rxc8 27. Qh6 1-0


[Site "https://www.chess.com"]

[Event "Titled Tuesday Blitz December 06 Late 2022"]
[White "Bongo Akanga Ndjila, Barthelemy"]
[Black "Khandelwal, Ankush"]
[WhiteFideId "10609431"]
[BlackFideId "413470"]
[WhiteElo "1768"]
[BlackElo "2271"]
[Result "0-1"]
[Round "02"]
[TimeControl "180+1"]
[Date "2022.12.07"]
[WhiteClock "0:00:10"]
[BlackClock "0:00:11"]

1. d4 Nf6 2. c4 g6 3. Nc3 Bg7 4. e4 d6 5. Be2 O-O 6. Nf3 Na6 7. O-O e5 8. Be3 Qe7 9. h3 Nxe4 10. Nd5 Qd8 11. dxe5 dxe5 12. Qc2 f5 13. Rad1 Qe8 14. c5 c6 15. Bxa6 cxd5 16. Be2 d4 17. Bc1 Be6 18. Bc4 Nxc5 19. Bxe6+ Nxe6 20. Qb3 Qc6 21. Ng5 Rae8 22. Rfe1 e4 23. Bf4 Kh8 24. Nxe6 Rxe6 25. Rc1 Qb6 26. Qa3 d3 27. Rc7 d2 28. Rd1 Rd8 29. Rc2 Rd3 30. b3 e3 31. Rc8+ Rd8 32. Bxe3 Rxc8 33. Bxb6 axb6 34. Rxd2 Re1+ 35. Kh2 Be5+ 36. g3 Bf6 37. Qd6 Rc6 38. Qd7 Rcc1 39. Qe8+ Kg7 40. Rd7+ Kh6 41. Qf8+ Kg5 42. h4+ Kg4 43. Qxf6 Rh1+ 44. Kg2 Rcg1# 0-1


[Site "https://www.chess.com"]

[Event "Titled Tuesday Blitz December 06 Late 2022"]
[White "Bortnyk, Olexandr"]
[Black "Suder, Jakub"]
[WhiteFideId "14120828"]
[BlackFideId "1195310"]
[WhiteElo "2723"]
[BlackElo "2245"]
[Result "1-0"]
[Round "02"]
[TimeControl "180+1"]
[Date "2022.12.06"]
[WhiteClock "0:00:04"]
[BlackClock "0:00:02"]

1. e4 c5 2. c3 Nf6 3. e5 Nd5 4. d4 cxd4 5. Nf3 e6 6. cxd4 d6 7. Bc4 Nb6 8. Bd3 Bd7 9. O-O Bc6 10. Nc3 N8d7 11. Bf4 dxe5 12. dxe5 Nc5 13. Bb5 Bxb5 14. Nxb5 a6 15. Nbd4 Nd5 16. Bg5 Be7 17. Bxe7 Qxe7 18. Rc1 O-O 19. Nf5 exf5 20. Qxd5 Ne6 21. Rfd1 Rfd8 22. Qb3 g6 23. h4 b5 24. Qe3 Rxd1+ 25. Rxd1 Rd8 26. Rc1 Qb7 27. Ng5 Qd5 28. Nxe6 Qxe6 29. h5 f6 30. h6 fxe5 31. Qa7 Qf6 32. g3 f4 33. Rc7 fxg3 34. Rg7+ Kf8 35. Qc5+ Ke8 36. Rg8+ Kd7 37. Qd5+ Kc7 38. Rg7+ Kb6 39. Rb7+ Ka5 40. b4+ Kxb4 41. Qb3+ Kc5 42. Qc3+ Kd5 43. Qd3+ Kc5 44. Qc3+ Kd5 45. fxg3 Rd6 46. Rxh7 Rc6 47. Rd7+ Rd6 48. Qd3+ Kc6 49. Qxd6+ 1-0


[Site "https://www.chess.com"]